 Dungeon Crawl Stone Soup version 0.23.2-33-g5129a83184 (webtiles) character file.

Game seed: 11906908589940614575

36 Folque the Charmwright (level 3, 0/29 HPs)
             Began as a Centaur Skald on July 8, 2019.
             Slain by a worker ant (5 damage)
             ... on level 2 of the Dungeon.
             The game lasted 00:02:41 (1049 turns).

Folque the Charmwright (Centaur Skald)              Turns: 1049, Time: 00:02:41

Health: 0/29       AC:  4    Str: 13    XL:     3   Next: 19%
Magic:  1/6        EV:  9    Int: 13    God:
Gold:   68         SH:  0    Dex:  8    Spells: 3/6 levels left

rFire    . . .     SeeInvis .   a - +0 falchion
rCold    . . .     Gourm    .   (no shield)
rNeg     . . .     Faith    .   b - +0 leather armour
rPois    .         Spirit   .   (no helmet)
rElec    .         Reflect  .   (no cloak)
rCorr    .         Harm     .   (no gloves)
MR       .....                  (no barding)
Stlth    ..........             (no amulet)
HPRegen  0.09/turn              (no ring)
MPRegen  0.10/turn              (no ring)

@: lethally poisoned (0 -> -5), infused (expiring), very slightly contaminated,
very quick
A: large, hooves 3, deformed body, speed 2, tough skin 3
a: no special abilities


You were on level 2 of the Dungeon.
You were not hungry.

You visited 1 branch of the dungeon, and saw 2 of its levels.

You collected 68 gold pieces.

Inventory:

Hand Weapons
 a - a +0 falchion (weapon)
 n - a +2 vampiric short sword
Missiles
 k - 5 tomahawks (quivered)
Armour
 b - a +0 leather armour (worn)
Jewellery
 h - a cursed ring of attention {unknown}
 l - a cursed ring of teleportation {unknown}
Scrolls
 e - 3 scrolls of identify {unknown}
 g - a scroll of fog {unknown}
 i - a scroll of remove curse {unknown}
 m - a scroll of magic mapping {unknown}
 o - a scroll of enchant armour {unknown}
 p - a scroll of blinking {unknown}
 q - a scroll of amnesia {unknown}
Potions
 f - a potion of lignification {unknown}
Comestibles
 c - 4 chunks of flesh
 d - a ration


   Skills:
 - Level 2.0 Fighting
 + Level 2.4 Long Blades
 - Level 0.6 Armour
 - Level 1.3 Dodging
 * Level 2.0 Spellcasting
 + Level 3.2 Charms


You had 3 spell levels left.
You knew the following spells:

 Your Spells              Type           Power        Failure   Level  Hunger
a - Infusion              Chrm           #...         9%          1    ##.....
b - Shroud of Golubria    Chrm/Tloc      #.........   26%         2    ###....

Your spell library contained the following spells:

 Spells                   Type           Power        Failure   Level  Hunger
 Song of Slaying          Chrm           #.......     13%         2    ###....
 Regeneration             Chrm/Necr      #.........   45%         3    ####...
 Spectral Weapon          Hex/Chrm       #.......     45%         3    ####...


Dungeon Overview and Level Annotations

Branches:
Dungeon (2/15)

Altars:


Innate Abilities, Weirdness & Mutations

You have hooves in place of feet.
Armour fits poorly on your strangely shaped body.
You cover ground very quickly.
You have extremely tough skin. (AC +3)


Message History

You are more poisoned.
The worker ant poisons you!
You barely miss the worker ant. Your kick misses the worker ant.
The worker ant is severely wounded.
* * * LOW HITPOINT WARNING * * *
You feel sick. The worker ant bites you.
* * * LOW HITPOINT WARNING * * *
It was a potion of curing.
You feel better. The worker ant barely misses you.
You closely miss the worker ant.
The worker ant is severely wounded.
The worker ant bites you.
You are poisoned.
The worker ant poisons you! The worker ant bites you.
* * * LOW HITPOINT WARNING * * *
You hit the worker ant. Your kick misses the worker ant.
The worker ant is severely wounded.
Your magical infusion is running out.
* * * LOW HITPOINT WARNING * * *
You feel sick. The worker ant bites you.
You die...

#......###.#.##.#.########
#......'...#.............#
#......###.####.#..#####.
#......# #.............#
#......# #########..##.#
#......########........#
....................<.>.#
#.##########...#.#......#
#. #.#@#........#
...#a#.#.##...#
#####$#.#.#.)..# ..#
#.#...## ### #.#รท...#
#...(..# #......# #
#.#...##.# #.#.(....#


You could see a worker ant.

Vanquished Creatures
  A worm (D:2)
  3 dart slugs
  2 giant cockroaches (D:1)
  4 goblins (D:1)
  4 hobgoblins
  3 kobolds
  A ball python (D:1)
  4 bats
  3 frilled lizards
  3 rats (D:1)
28 creatures vanquished.

Notes
Turn   | Place    | Note
-------+----------+-------------------------------------------
     0 | D:1      | Folque the Centaur Skald began the quest for the Orb.
     0 | D:1      | Reached XP level 1. HP: 17/17 MP: 3/3
   190 | D:1      | Reached XP level 2. HP: 7/24 MP: 4/4
   285 | D:1      | Reached skill level 3 in Charms
   852 | D:2      | Learned a level 2 spell: Shroud of Golubria
   914 | D:2      | Reached XP level 3. HP: 29/29 MP: 0/5
  1049 | D:2      | Slain by a worker ant

Skill      XL: |  1  2  3 |
---------------+----------+-----
Long Blades    | 2 |  2.4
Charms         | 3 |  3.2
Spellcasting   | 2 |  2.0
Fighting       | |  2.0
Armour         | |  0.6
Dodging        | |  1.3

Action                   || total
-------------------------++-------
Melee: Falchion          ||    68
       Kick              ||    16
 Cast: Infusion          ||     3
       Shroud of Golubri ||     2
  Use: Potion            ||     1
Armor: Leather armour    ||    24
Dodge: Dodged            ||    40
       Rpst.: Falchion   ||    14
